 Dungeon Crawl Stone Soup version 0.28-a0-1412-gf95308ed99 (webtiles) character file.

Game seed: 11030783446528990386

42 Hasart the Caller (level 3, -2/19 HPs)
             Began as a Kobold Summoner on Jan 7, 2022.
             Slain by a goblin (5 damage)
             ... on level 2 of the Dungeon.
             The game lasted 00:03:21 (1541 turns).

Hasart the Caller (Kobold Summoner)                 Turns: 1541, Time: 00:03:21

Health: -2/19      AC:  2    Str:  5    XL:     3   Next: 77%
Magic:  5/7        EV: 15    Int: 18    God:
Gold:   6          SH:  0    Dex: 15    Spells: 1/7 levels left

rFire   . . .      SeeInvis .   b - +0 trident
rCold   . . .      Faith    .   (shield currently unavailable)
rNeg    . . .      Spirit   .   a - +0 robe
rPois   .          Reflect  .   (no helmet)
rElec   .          Harm     .   (no cloak)
rCorr   .          Rampage  .   (no gloves)
Will    .....                   (no boots)
Stlth   +++.......              (no amulet)
HPRegen 0.06/turn               (no ring)
MPRegen 0.10/turn               (no ring)

@: no status effects
A: small, no large weapons, nightstalker 3
a: no special abilities


You were on level 2 of the Dungeon.
You visited 1 branch of the dungeon, and saw 2 of its levels.

You collected 42 gold pieces.
You spent 36 gold pieces at shops.

Inventory:

Hand Weapons
 b - a +0 trident (weapon)
Missiles
 g - a throwing net
Armour
 a - a +0 robe (worn)
Scrolls
 e - a scroll of identify {unknown}
 f - a scroll of magic mapping {unknown}
 h - a scroll of brand weapon {unknown}
Potions
 d - a potion of lignification {unknown}
 i - a potion of mutation {unknown}


   Skills:
 - Level 2.4 Dodging
 - Level 2.6 Stealth
 + Level 2.8 Spellcasting
 * Level 4.8 Summonings


You had one spell level left.
You knew the following spells:

 Your Spells              Type           Power      Damage    Failure   Level
a - Call Imp              Summ           20%        N/A       3%          2
b - Summon Small Mammal   Summ           80%        N/A       2%          1
c - Call Canine Familiar  Summ           20%        N/A       7%          3

Your spell library contained the following spells:

 Spells                   Type           Power      Damage    Failure   Level
 Summon Guardian Golem    Hex/Summ       11%        N/A       19%         3
 Summon Lightning Spire   Summ/Air       11%        N/A       52%         4


Dungeon Overview and Level Annotations

Branches:
Dungeon (2/15)

Altars:

Shops:
D:2 !

Annotations:
D:2 Sigmund


Innate Abilities, Weirdness & Mutations

You are small and have problems with some larger weapons.
You are completely attuned to the shadows.


Message History

Your hound bites Sigmund.
Your shadow imp gestures at Sigmund.
Sigmund writhes in agony!
Sigmund gestures at you while chanting. You resist with significant effort.
Your hound bites Sigmund.
Your shadow imp barely misses Sigmund.
Sigmund gestures wildly while chanting.
Sigmund flickers and vanishes!
Deactivating autopickup; reactivate with Ctrl-A.
A goblin comes into view.
It is wielding a +0 rapier and wearing a +0 ring mail of cold resistance.
There is an open door here.
You are confused.
The goblin throws a stone.
The stone hits you.
You feel better. Something hits you!
Your hound bites something.
The goblin throws a stone.
The stone closely misses you.
Your hound barely misses something.
You hear some strange, mumbled words.
You are confused.
The goblin throws a stone.
The stone barely misses you.
Your shadow imp hits something.
Something hits you!
Ouch! That really hurt!
* * * LOW HITPOINT WARNING * * *
You feel better.
Your shadow imp hits something but does no damage.
The goblin hits you with a +0 rapier.
* * * LOW HITPOINT WARNING * * *
Your hound bites something.
Your hound barely misses something.
Something hits your hound.
Your hound bites something.
Something barely misses your hound.
You hit the goblin but do no damage.
Your hound bites the goblin.
The goblin hits you with a +0 rapier.
* * * LOW HITPOINT WARNING * * *
Your hound barely misses the goblin.
The goblin completely misses you.
You hit the goblin but do no damage.
The goblin is heavily wounded.
Your hound barely misses the goblin.
The goblin hits you with a +0 rapier.
You die...

#...........########.......
#....h.h......# ########
#......5.{....#
####'#####...÷#############
.........#@................
####{#...#.################
#h#...#h# #. #.#...#g#
#.######.#...#@#
#......h.....#.#
....h###.#####.#
...............#
.....###†......# #.#5.#
#.......# #.##.# #.#######
#.# #.# #.###.#


You could see Sigmund, a goblin (ally target) and a friendly hound (summoned).

Vanquished Creatures
  An adder (D:2)
  A dart slug (D:1)
  4 bats
  An endoplasm (D:2)
  A giant cockroach (D:1)
  3 hobgoblins (D:1)
  3 kobolds
  2 quokkas (D:1)
  A frilled lizard (D:1)
  2 rats
19 creatures vanquished.

Vanquished Creatures (collateral kills)
  An adder (D:2)
  A goblin (D:2)
2 creatures vanquished.

Grand Total: 21 creatures vanquished

Notes
Turn   | Place    | Note
-------+----------+-------------------------------------------
     0 | D:1      | Hasart the Kobold Summoner began the quest for the Orb.
     0 | D:1      | Reached XP level 1. HP: 10/10 MP: 3/3
   287 | D:1      | Found a faded altar of an unknown god.
   362 | D:1      | Reached XP level 2. HP: 15/15 MP: 5/5
  1061 | D:2      | Learned a level 2 spell: Call Imp
  1158 | D:2      | Reached XP level 3. HP: 16/19 MP: 7/7
  1162 | D:2      | Learned a level 3 spell: Call Canine Familiar
  1281 | D:2      | Found Vafale's Distillery.
  1290 | D:2      | Bought a potion of curing for 36 gold pieces
  1494 | D:2      | Noticed Sigmund
  1541 | D:2      | Slain by a goblin

Illustrated notes

Levels and vault maps discovered:
D:1:      eino_arrival_druids_welcome, layout_basic,
          shapermc_ecumenical_altar_totnotflames
D:2:      layout_basic, serial_shops, shop, uniq_sigmund

Action                   || total
-------------------------++-------
Melee: Trident           ||    56
 Cast: Call Imp          ||     2
       Call Canine Famil ||     2
  Use: Potion            ||     3
 Stab: Sleeping          ||    11
Armor: Robe              ||    10
Dodge: Dodged            ||    47

Table legend: (Time is in decaauts)
 A = Elapsed time spent in this place.
 B = Non-inter-level travel time spent in this place.
 C = Inter-level travel time spent in this place.
 D = Time resting spent in this place.
 E = Time spent auto-exploring this place.
 F = Levels seen in this place.
 G = Mean time per level.
                   A        B        C        D        E       F      G
               +--------+--------+--------+--------+--------+-----+--------+
         Total |   1556 |   1541 |     15 |    139 |   1170 |   2 |  778.0 |
       Dungeon |   1556 |   1541 |     15 |    139 |   1170 |   2 |  778.0 |
               +--------+--------+--------+--------+--------+-----+--------+

Top non-repeatable levels by time:
     D:1: 1044 daAuts
     D:2: 512 daAuts
